 Dungeon Crawl Stone Soup version 0.31-a0-164-g2312942fda (webtiles) character file.

Game seed: 14998249428265191700

1124 qw the Chopper (level 8, -9/51 HPs)
             Began as a Gargoyle Fighter on June 13, 2023.
             Mangled by an ogre
             ... wielding a +0 giant spiked club
              (13 damage)
             ... on level 5 of the Dungeon.
             The game lasted 00:01:55 (3380 turns).

qw the Chopper (Gargoyle Fighter)                   Turns: 3380, Time: 00:01:56

Health: -9/51      AC: 25    Str: 22    XL:     8   Next: 35%
Magic:  8/8        EV:  6    Int:  9    God:
Gold:   323        SH:  9    Dex:  9    Spells: 7/7 levels left

rFire   . . .        Y - +3 war axe (protect)
rCold   . . .        c - +0 buckler
rNeg    + . .        f - +0 plate armour
rPois   inf          e - +0 helmet
rElec   +            (no cloak)
rCorr   .            (no gloves)
SInv    .            (no boots)
Will    .....        b - amulet of reflection Stlth
                     (no ring)
HPRegen 0.28/turn    (no ring)
MPRegen 0.11/turn

%: reflection
@: under a protective aura
A: sickness immunity, AC +5, negative energy resistance 1, electricity
resistance, torment resistance 1, petrification resistance
a: no special abilities


You were on level 5 of the Dungeon.
You visited 1 branch of the dungeon, and saw 5 of its levels.
You also visited: Ossuary.

You collected 323 gold pieces.


Innate Abilities, Weirdness & Mutations

You are immune to sickness and miasma.
Your stone body is resilient. (AC +5)
You are immune to poison.
You resist negative energy. (rN+)
You are resistant to electric shocks. (rElec)
You are resistant to unholy torment.
You are immune to petrification.


   Skills:
 - Level 5.9 Fighting
 - Level 7.1 Axes
 + Level 1.3 Throwing
 - Level 4.0 Armour
 - Level 1.9 Dodging
 - Level 3.2 Shields


You had 7 spell levels left.
You didn't know any spells.
Your spell library was empty.

Inventory:

Hand Weapons
 l - a +0 flail
 Y - a +3 war axe of protection (weapon)
Missiles
 h - 5 javelins (quivered)
Armour
 c - a +0 buckler (worn)
 e - a +0 helmet (worn)
 f - a +0 plate armour (worn)
Jewellery
 b - an amulet of reflection (around neck)
Scrolls
 a - a scroll of identify
Potions
 d - 2 potions of might
 i - a potion of cancellation
 j - a potion of magic
 k - a potion of resistance {unknown}
 m - a potion of berserk rage {unknown}
 o - 3 potions of curing
 q - a potion of ambrosia {unknown}

Dungeon Overview and Level Annotations

Branches:
Dungeon (4/15)             Temple (0/1) D:5         Ossuary (visited)

Altars:

Shops:
D:3 *


Message History

You hear an angry growl.
You block the adder's attack. You block the troll's attack. x2
The troll claws you! The orc hits you but does no damage.
You slice the adder!!
You kill the adder!
You hit the orc. You barely miss the troll. You block the orc's attack.
A scorpion comes into view.
The troll bites you.
The troll claws you but does no damage. x2
The adder bites you.
You hit the orc.
You kill the orc!
You slash the adder!
You kill the adder!
You closely miss the troll.
The orc warrior throws a boomerang.
You block the boomerang with an invisible shield... and reflect it back!
The boomerang barely misses the orc warrior.
The troll bites you but does no damage. You block the troll's attack.
The troll claws you but does no damage. The adder bites you but does no damage.
You block the ogre's attack. The troll bites you but does no damage.
You block the troll's attack. The troll claws you but does no damage.
You closely miss the troll.
The troll is moderately wounded.
You slash the ogre! You slash the adder! You block the adder's attack.
The troll bites you!
The troll claws you but does no damage. x2
You barely miss the adder.
The adder is almost dead.
You hit the troll. You hit the ogre. The adder bites you but does no damage.
The ogre hits you with a +0 giant spiked club.
You block the troll's attack. x2; The troll claws you but does no damage.
The adder bites you but does no damage.
You hit the adder.
You kill the adder!
You hit the troll. You hit the ogre.
You block the troll's attack. x2; The troll barely misses you.
The ogre hits you with a +0 giant spiked club!
You die...

.[}.}....# .# >.....>..#
#.# }.}.... #.# ....
###.####### ###
#####......... ..#
#.).#.#.#...# . #.##
#)).#.#..#?# ..#
#..######.#......o#...#.
...#.....##.#>#.@T......
.....##>###.#.#.#Or.#...
...#..#.# #.#.#..#o#.(.#
#!..###.# #.#.....#s..#.
#.#.#8#.# #.#.........
........# #.###.#...#...
.######## #.# #..#?#...#
.# #.# ... #...#. .# ...
....


You could see a troll, an orc warrior, an ogre, a scorpion, an orc and a quokka.

Vanquished Creatures
  2 black bears (D:5)
  A phantom (D:5)
  Blork the orc (D:4)
  2 scorpions
  2 orc priests (D:4)
  2 hounds
  A gnoll bouda (D:5)
  An iguana (D:2)
  2 sleepcaps (D:4)
  5 orc wizards (D:4)
  8 mummies (Ossuary)
  4 gnolls (D:5)
  11 adders
  A worm (D:3)
  14 orcs
  A bat skeleton (D:5)
  8 endoplasms
  A giant cockroach (D:2)
  7 goblins
  7 hobgoblins
  3 jackals (D:4)
  4 kobolds
  A quokka (D:3)
  11 ball pythons
  4 bats
  4 frilled lizards
  A gnoll zombie (Ossuary)
  3 hobgoblin zombies (Ossuary)
  3 kobold zombies (Ossuary)
  An orc zombie (Ossuary)
  3 rats
119 creatures vanquished.

Notes
Turn   | Place    | Note
-------+----------+-------------------------------------------
     0 | D:1      | qw the Gargoyle Fighter began the quest for the Orb.
     0 | D:1      | Reached XP level 1. HP: 14/14 MP: 1/1
     0 | D:1      | 0 ||| qw: Version: 0.2-a-29-gc1b59c4
     0 | D:1      | 0 ||| qw: Game counter: 4492
     0 | D:1      | 0 ||| qw: Always use a shield: true
     0 | D:1      | 0 ||| qw: God list: Okawaru
     0 | D:1      | 0 ||| qw: Allow faded altars: false
     0 | D:1      | 0 ||| qw: Do Orc after D:15 true
     0 | D:1      | 0 ||| qw: Do second Lair branch before Depths: true
     0 | D:1      | 0 ||| qw: Lair rune preference: random
     0 | D:1      | 0 ||| qw: Plans: Normal, Zot:1-4, Slime:5, God:TSO, Crypt,
                  | Tomb, Abyss, Pan, Hells, Win
     0 | D:1      | 0 ||| PLANNING D:1-11
    87 | D:1      | 87 ||| Stepping ~*~*~tactically~*~*~ (hiding).
    96 | D:1      | Reached skill level 2 in Axes
   102 | D:1      | 102 ||| Stepping ~*~*~tactically~*~*~ (stealth).
   164 | D:1      | 164 ||| DROPPING +0 club.
   177 | D:1      | Reached XP level 2. HP: 19/19 MP: 2/2
   379 | D:1      | Found a faded altar of an unknown god.
   625 | D:1      | 625 ||| UPGRADING to +0 plate armour.
   635 | D:1      | 635 ||| DROPPING +0 scale mail.
   636 | D:1      | 636 ||| READING 2 scrolls labelled DEETHO IVUXZO.
   659 | D:2      | Reached skill level 3 in Axes
   659 | D:2      | Reached XP level 3. HP: 21/23 MP: 3/3
   804 | D:2      | Reached XP level 4. HP: 25/28 MP: 4/4
  1103 | D:2      | 1103 ||| UPGRADING to +0 helmet.
  1108 | D:2      | 1108 ||| READING scroll labelled JUODACH XUGOQE.
  1109 | D:2      | 1109 ||| READING 2 scrolls labelled MUES UPPITICA.
  1110 | D:2      | 1110 ||| DROPPING scroll of vulnerability.
  1123 | D:3      | 1123 ||| READING scroll of enchant weapon.
  1123 | D:3      | 1123 ||| ENCHANTING +1 war axe.
  1133 | D:3      | Found Puluavoe's Assorted Antiques.
  1138 | D:3      | 1138 ||| SHOPLISTING 2 scrolls labelled RUPAKHLUFOL (50
                  | gold, have 15).
  1138 | D:3      | 1138 ||| SHOPLISTING coral ring (125 gold, have 15).
  1138 | D:3      | 1138 ||| SHOPLISTING fuming pink potion (22 gold, have 15).
  1138 | D:3      | 1138 ||| SHOPLISTING scroll labelled DANTEUCROA (25 gold,
                  | have 15).
  1138 | D:3      | 1138 ||| SHOPLISTING scroll of identify (50 gold, have 15).
  1138 | D:3      | 1138 ||| SHOPLISTING sedimented puce potion (22 gold, have
                  | 15).
  1138 | D:3      | 1138 ||| SHOPLISTING viscous cyan potion (22 gold, have
                  | 15).
  1150 | D:3      | Reached skill level 4 in Axes
  1446 | D:3      | 1446 ||| Stepping ~*~*~tactically~*~*~ (stealth).
  1447 | D:3      | 1447 ||| Stepping ~*~*~tactically~*~*~ (stealth).
  1668 | D:3      | 1668 ||| Stepping ~*~*~tactically~*~*~ (stealth).
  1896 | D:3      | 1896 ||| READING scroll labelled SIXAEFRIECLU.
  1955 | D:4      | Reached skill level 1 in Throwing
  1955 | D:4      | Reached XP level 5. HP: 32/32 MP: 5/5
  1955 | D:4      | 1955 ||| Stepping ~*~*~tactically~*~*~ (stealth).
  1957 | D:4      | 1957 ||| Stepping ~*~*~tactically~*~*~ (stealth).
  1965 | D:4      | 1965 ||| Stepping ~*~*~tactically~*~*~ (stealth).
  1978 | D:4      | Reached skill level 5 in Axes
  2090 | D:4      | Noticed Blork the orc
  2102 | D:4      | Killed Blork the orc
  2103 | D:4      | Reached XP level 6. HP: 37/39 MP: 6/6
  2187 | D:4      | HP: 6/39 [orc wizard/puff of flame (4)]
  2399 | D:4      | 2399 ||| Stepping ~*~*~tactically~*~*~ (hiding).
  2418 | D:4      | Reached skill level 6 in Axes
  2418 | D:4      | Reached XP level 7. HP: 21/44 MP: 7/7
  2694 | D:4      | 2694 ||| Stepping ~*~*~tactically~*~*~ (hiding).
  2695 | D:4      | 2695 ||| Stepping ~*~*~tactically~*~*~ (hiding).
  2702 | D:4      | 2702 ||| Stepping ~*~*~tactically~*~*~ (stealth).
  2710 | D:4      | 2710 ||| DROPPING +0 whip.
  2884 | D:4      | You fall into a shaft and drop 1 floor!
  2884 | D:5      | Entered Level 5 of the Dungeon
  2885 | D:5      | 2885 ||| PLANNING OSSUARY
  2901 | D:5      | Found a sand-covered staircase.
  2902 | D:5      | 2902 ||| UPGRADING to amulet of reflection.
  2907 | D:5      | 2907 ||| READING 3 scrolls of identify.
  2907 | D:5      | 2907 ||| IDENTIFYING grey potion
  2908 | D:5      | 2908 ||| READING 2 scrolls of identify.
  2908 | D:5      | 2908 ||| IDENTIFYING pink potion
  2909 | D:5      | 2909 ||| DROPPING potion of brilliance.
  2914 | Ossuary  | Entered an ossuary
  3032 | Ossuary  | 3032 ||| Stepping ~*~*~tactically~*~*~ (stealth).
  3033 | Ossuary  | 3033 ||| Stepping ~*~*~tactically~*~*~ (stealth).
  3148 | Ossuary  | 3148 ||| READING scroll labelled TAECVYO CELOL.
  3149 | Ossuary  | 3149 ||| READING scroll labelled DEHUFU HUMP.
  3150 | Ossuary  | 3150 ||| READING scroll labelled YSES HEGAISUS.
  3151 | Ossuary  | 3151 ||| DRINKING 2 fizzy grey potions.
  3152 | Ossuary  | 3152 ||| DRINKING 4 fizzy ruby potions.
  3172 | D:5      | 3172 ||| PLANNING D:1-11
  3182 | D:5      | Reached skill level 7 in Axes
  3186 | D:5      | 3186 ||| READING scroll of enchant weapon.
  3186 | D:5      | 3186 ||| ENCHANTING +2 war axe of protection.
  3187 | D:5      | Found a staircase to the Ecumenical Temple.
  3188 | D:5      | 3188 ||| PLANNING TEMPLE
  3188 | D:5      | 3188 ||| Stepping ~*~*~tactically~*~*~ (hiding).
  3215 | D:5      | HP: 10/44 [black bear (5)]
  3217 | D:5      | Reached XP level 8. HP: 12/50 MP: 8/8
  3366 | D:5      | Noticed a troll
  3367 | D:5      | 3367 ||| Stepping ~*~*~tactically~*~*~ (hiding).
  3374 | D:5      | Reached skill level 1 in Dodging
  3378 | D:5      | HP: 6/51 [troll (12)]
  3380 | D:5      | Mangled by an ogre

Levels and vault maps discovered:
D:1:      shiori_arrival_maze, layout_basic, nicolae_ecumenical_snake_handling
D:2:      layout_basic
D:3:      layout_loops_ring, serial_shops, nicolae_shop_rolling_square
D:4:      layout_cave_pods, marbit_many_paths, nicolae_half_adder,
          uniq_blork_the_orc
D:5:      cheibrodos_fzero, layout_loops_ring, kennysheep_vampire_church,
          minmay_temple_entry_from_below_b,
          lightli_ossuary_entry_decrepit_ruins, serial_shops,
          nicolae_shop_advertising_works [nicolae_subvault_shop_adworks]

Skill      XL: |  1  2  3  4  5  6  7  8 |
---------------+-------------------------+-----
Axes           | 2 3 4 5 6 7 |  7.1
Throwing       | 1 |  1.3
Fighting       | 4 5 |  5.9
Armour         | 4 |  4.0
Dodging        | 1 |  1.9
Shields        | |  3.2

Action                     |  1- 3 |  4- 6 |  7- 9 || total
---------------------------+-------+-------+-------++-------
  Melee: War axe           |    88 |   128 |    81 ||   297
  Throw: Javelin           |       |    28 |    28 ||    56
    Use: Scroll            |     1 |     4 |     6 ||    11
         Potion            |       |       |     2 ||     2
 Armour: Scale mail        |    38 |       |       ||    38
         Plate armour      |    21 |   167 |    88 ||   276
  Dodge: Dodged            |    35 |    56 |    27 ||   118
  Block: Buckler           |    19 |    21 |    43 ||    83
         Reflection        |       |       |     1 ||     1

Table legend:
 A = Non-vault XP
 B = Vault XP
 C = Vault XP percentage of total XP
 D = Non-vault monster count
 E = Vault monster count
 F = Vault count percentage of total count
                 A         B        C        D         E       F
            +---------+---------+-------+---------+---------+-------
      Total |     860 |     760 |  46.9 |      84 |      35 |  29.4
            +---------+---------+-------+---------+---------+-------
        D:1 |      22 |       5 |  18.5 |      13 |       3 |  18.8
        D:2 |      68 |       0 |   0.0 |      12 |       0 |   0.0
        D:3 |      65 |       0 |   0.0 |      21 |       0 |   0.0
        D:4 |     511 |     141 |  21.6 |      33 |       5 |  13.2
        D:5 |     194 |     458 |  70.2 |       5 |      11 |  68.8
    Ossuary |       0 |     156 | 100.0 |       0 |      16 | 100.0
            +---------+---------+-------+---------+---------+-------
